 Dungeon Crawl Stone Soup version 0.22.1-6-g1668fe2 (webtiles) character file.

310 redwoodhats the Firebug (level 6, 0/46 HPs)
             Began as a Draconian Fire Elementalist on Jan 28, 2019.
             Was an Initiate of Vehumet.
             Succumbed to a worker ant's poison
             ... on level 4 of the Dungeon.
             The game lasted 00:32:28 (4961 turns).

redwoodhats the Firebug (DrFE)                      Turns: 4961, Time: 00:32:29

Health: 0/46       AC:  7    Str: 12    XL:     6   Next: 18%
Magic:  3/11       EV: 12    Int: 17    God:    Vehumet [......]
Gold:   173        SH:  0    Dex: 12    Spells: 8/12 levels left

rFire    . . .     SeeInvis .   j - +1 trident
rCold    . . .     Gourm    .   (no shield)
rNeg     . . .     Faith    .   (armour unavailable)
rPois    .         Spirit   .   (helmet restricted)
rElec    .         Reflect  .   q - +0 cloak
rCorr    .         Harm     .   (no gloves)
MR       .....                  (no boots)
Stlth    ++........             (no amulet)
HPRegen  0.15/turn              (no ring)
MPRegen  0.12/turn              (no ring)

@: lethally poisoned (0 -> 0)
A: unfitting armour, screaming 1, strong 1, cold-blooded, AC +6
a: Renounce Religion


You were on level 4 of the Dungeon.
You worshipped Vehumet.
Vehumet was noncommittal.
You were not hungry.

You visited 1 branch of the dungeon, and saw 4 of its levels.

You collected 173 gold pieces.

Inventory:

Hand Weapons
 c - a +0 club
 f - a +0 hunting sling
 g - a +0 war axe
 h - a +0 spear
 i - a +0 spear
 j - a +1 trident (weapon)
 k - a +0 dagger
Missiles
 e - 50 poisoned needles
 m - 42 sling bullets
 o - 8 poisoned tomahawks (quivered)
Armour
 q - a +0 cloak (worn)
Jewellery
 l - a cursed ring of teleportation
Comestibles
 b - a ration


   Skills:
 + Level 0.9 Fighting
 + Level 0.7(1.0) Axes
 + Level 0.8(1.0) Polearms
 + Level 2.4 Dodging
 + Level 2.5 Stealth
 + Level 3.6 Spellcasting
 + Level 2.7 Conjurations
 + Level 4.1 Fire Magic


You had 8 spell levels left.
You knew the following spells:

 Your Spells              Type           Power        Failure   Level  Hunger
a - Flame Tongue          Conj/Fire      ##...        4%          1    None
b - Inner Flame           Hex/Fire       ##......     21%         3    ###....

Your spell library contained the following spells:

 Spells                   Type           Power        Failure   Level  Hunger
 Throw Flame              Conj/Fire      ##....       6%          2    ##.....
 Conjure Flame            Conj/Fire      ##......     12%         3    ###....
 Summon Butterflies       Summ           #.......     16%         1    None
 Sticky Flame             Conj/Fire      ##......     36%         4    ####...
 Fireball                 Conj/Fire      ##........   73%         5    ######.


Dungeon Overview and Level Annotations

Branches:
Dungeon (4/15)
 Temple: D:4-7

Altars:
Fedhas
Kikubaaqudgha
Qazlal
Ru
Sif Muna
Vehumet
Xom


Innate Abilities, Weirdness & Mutations

Your plain brown scales are hard. (AC +6)
You cannot fit into any form of body armour.
You are cold-blooded and may be slowed by cold attacks.
You occasionally shout uncontrollably at your foes.
Your muscles are strong. (Str +2)


Message History

Aim: an orc, wielding a mace and wearing a scale mail (almost dead)
The flame tongue hits the orc.
You kill the orc!
Vehumet accepts your kill.
* * * LOW HITPOINT WARNING * * *
You feel sick.
There is a lethal amount of poison in your body!
There is a lethal amount of poison in your body!
You aren't carrying any potions.
You aren't carrying any scrolls.
* * * LOW HITPOINT WARNING * * *
You feel sick.
* * * LOW HITPOINT WARNING * * *
You feel sick.
You open the door.
* * * LOW HITPOINT WARNING * * *
You feel sick.
There is an open door here.
The orc shouts!
You die...

### ..# ####### #.#
#...... #.# #..##.#
#.# #...#.# #.#
#...#.###@#########
#.....#...........
#.#...'..........
#.#.###.....o.... #.#
#.#######+####'## #.#
#........ ##'###
##+#.##
#.#.#.###########....#
#......
#.#.##.#.............#
#......
#......).............#
#......


You could see an orc.

Vanquished Creatures
  A howler monkey (D:4)
  An orc priest (D:2)
  An orc wizard (D:3)
  2 worker ants
  A hound skeleton (D:3)
  2 gnolls (D:3)
  5 adders
  2 worms
  A dart slug (D:1)
  2 leopard geckos (D:1)
  16 orcs
  3 giant cockroaches
  6 goblins
  6 hobgoblins
  2 ball pythons (D:1)
  2 bats (D:2)
  6 frilled lizards
  A jackal skeleton (D:4)
  10 kobolds
  9 rats
79 creatures vanquished.

Vanquished Creatures (others)
  A plant (D:2)
1 creature vanquished.

Grand Total: 80 creatures vanquished

Notes
Turn   | Place    | Note
-------+----------+-------------------------------------------
     0 | D:1      | redwoodhats the Draconian Fire Elementalist began the quest
                  | for the Orb.
     0 | D:1      | Reached XP level 1. HP: 14/14 MP: 3/3
   436 | D:1      | Reached XP level 2. HP: 20/20 MP: 0/5
  1226 | D:1      | Gained mutation: You occasionally shout uncontrollably at
                  | your foes. [potion of mutation]
  1226 | D:1      | Gained mutation: Your muscles are strong. (Str +2) [potion
                  | of mutation]
  1241 | D:2      | Found an ancient bone altar of Kikubaaqudgha.
  1243 | D:2      | Found a radiant altar of Vehumet.
  1243 | D:2      | Found a shimmering altar of Xom.
  1245 | D:2      | Found a deep blue altar of Sif Muna.
  1245 | D:2      | Found a hide-covered altar of Uskayaw.
  1245 | D:2      | Found a white marble altar of Elyvilon.
  1370 | D:2      | Reached XP level 3. HP: 15/26 MP: 0/6
  1448 | D:2      | Found a stormy altar of Qazlal.
  1448 | D:2      | Found a blossoming altar of Fedhas.
  2051 | D:2      | Found a sacrificial altar of Ru.
  2190 | D:2      | Reached XP level 4. HP: 29/33 MP: 4/8
  2905 | D:3      | Reached XP level 5. HP: 29/39 MP: 4/9
  3531 | D:3      | Found a radiant altar of Vehumet.
  3568 | D:3      | Became a worshipper of Vehumet
  3571 | D:3      | Found an ancient bone altar of Kikubaaqudgha.
  3572 | D:3      | Found a deep blue altar of Sif Muna.
  3576 | D:3      | Identified Sif Muna's Disquisition on Creation
  3665 | D:3      | Found a faded altar of an unknown god.
  4540 | D:3      | Learned a level 3 spell: Inner Flame
  4579 | D:3      | Reached skill level 4 in Fire Magic
  4872 | D:4      | Reached XP level 6. HP: 46/46 MP: 6/11
  4946 | D:4      | HP: 2/46 [poisoned by a worker ant]
  4953 | D:4      | HP: 1/46 [poisoned by a worker ant]
  4961 | D:4      | Succumbed to a worker ant's poison

Skill      XL: |  1  2  3  4  5 |
---------------+----------------+-----
Stealth        | 2 |  2.5
Dodging        | 2 |  2.4
Spellcasting   | 3 |  3.6
Conjurations   | 2 |  2.7
Fire Magic     | 4 |  4.1
Fighting       | |  0.9
Axes           | |  0.7
Polearms       | |  0.8

Action                   |  1- 3 |  4- 6 || total
-------------------------+-------+-------++-------
Melee: Unarmed           |     9 |       ||     9
       Spear             |     6 |       ||     6
       Tailslap          |     1 |     3 ||     4
       War axe           |     6 |    17 ||    23
       Trident           |       |    17 ||    17
 Cast: Flame Tongue      |    63 |   105 ||   168
       Inner Flame       |       |     2 ||     2
  Use: Potion            |     5 |     4 ||     9
       Scroll            |     4 |     3 ||     7
 Stab: Sleeping          |       |     1 ||     1
  Eat: Ration            |     2 |     2 ||     4
Armor: Skin              |    12 |    27 ||    39
Dodge: Dodged            |    39 |    67 ||   106
